 Dungeon Crawl Stone Soup version 0.31.0-12-g77e489cdc1 (webtiles) character file.

Game seed: 6477166611685221287

1554 Doomgape the Shield-Bearer (level 8, -1/69 HPs)
             Began as a Gargoyle Fighter on Feb 26, 2024.
             Was a Follower of Hepliaklqana.
             Killed from afar by an orc wizard (10 damage)
             ... with a magic dart
             ... on level 6 of the Dungeon.
             The game lasted 00:11:40 (4978 turns).

Doomgape the Shield-Bearer (Gargoyle Fighter)       Turns: 4978, Time: 00:11:41

Health: -1/69      AC: 24    Str: 20 (22) XL:     8   Next: 88%
Magic:  8/8        EV:  2    Int:  9      God:    Hepliaklqana [*.....]
Gold:   264        SH:  0    Dex:  8 (9)  Spells: 7/7 levels left

rFire   . . .        a - +0 flail
rCold   . . .        f - +0 tower shield
rNeg    + . .        n - melded +0 chain mail
rPois   ∞            (helmet currently unavailable)
rElec   .            c - melded +2 cloak {rPois}
rCorr   .            (gloves currently unavailable)
SInv    .            g - melded +0 pair of boots of Eternal Night {Str+3}
Will    .....        (no amulet)
Stlth   +            (no ring)
HPRegen 0.31/turn    (no ring)
MPRegen 0.11/turn

%: no passive effects
@: confused, tree-form
A: stationary, stasis, torment immunity, boosted hp, reduced essence, sickness
immunity, AC +5, negative energy resistance 1, (electricity resistance), torment
resistance 1, petrification resistance
a: Renounce Religion, Recall Ancestor, Ancestor Identity


You were on level 6 of the Dungeon.
You worshipped Hepliaklqana.
Hepliaklqana was aware of your devotion.
You were a tree.
You visited 1 branch of the dungeon, and saw 6 of its levels.

You collected 264 gold pieces.

Inventory:

Hand Weapons
 a - a +0 flail (weapon)
Armour
 c - a +2 cloak of poison resistance (melded)
 f - a +0 tower shield (worn)
 g - the +0 pair of boots of Eternal Night (melded) {Str+3}
   (You found it on level 2 of the Dungeon)

   Str+3:     It affects your strength (+3).
 n - a +0 chain mail (melded)
Jewellery
 b - a +5 ring of evasion
 d - a ring of ice
 p - a ring of flight
Scrolls
 e - 3 scrolls of vulnerability
 h - 2 scrolls of identify
 j - a scroll of torment {unknown}
 l - a scroll of enchant weapon {unknown}
 m - 2 scrolls of blinking {unknown}
 o - 3 scrolls of poison {unknown}
Potions
 k - a potion of curing
 q - a potion of lignification


   Skills:
 + Level 6.7 Fighting
 + Level 5.7 Maces & Flails
 + Level 6.7 Armour
 + Level 6.8 Shields


You had 7 spell levels left.
You didn't know any spells.
Your spell library contained the following spells:

 Spells                   Type           Power      Damage    Failure   Level
 Freeze                   Ice            0%         1d3       93%         1
 Frozen Ramparts          Ice            0%         1d1       100%        3
 Hailstorm                Conj/Ice       0%         3d5       100%        3


Dungeon Overview and Level Annotations

Branches:
Dungeon (6/15)
 Temple: D:4-7

Altars:
Hepliaklqana
Makhleb

Shops:
D:3 =   D:5 *


Innate Abilities, Weirdness & Mutations

You are a tree.
Your roots penetrate the ground, keeping you stationary.
You cannot be teleported.
You are immune to unholy pain and torment.
Your maximum health is greatly increased.
Your equipment is partially melded.
Your life essence is reduced to manifest your ancestor. (-10% HP)
You are immune to sickness and miasma.
((Your stone body is resilient. (AC +5)))
You are immune to poison.
You resist negative energy. (rN+)
((You are resistant to electric shocks. (rElec)))
You are resistant to unholy torment.
You are immune to petrification.


Message History

* * * LOW HITPOINT WARNING * * *
The orc wizard gestures wildly while chanting.
The orc wizard flickers and vanishes!
Deactivating autopickup; reactivate with Ctrl-A.
The orc hits you but does no damage. Something hits you but does no damage.
You feel your intelligence returning.
You hit the orc.
The orc is almost dead.
The orc hits you but does no damage. Something hits you.
* * * LOW HITPOINT WARNING * * *
Unknown command.
You attack the rock wall.
The orc hits you but does no damage. Something hits you.
* * * LOW HITPOINT WARNING * * *
Unknown command.
You attack the rock wall.
You feel less confused. You block the orc's attack.
Something hits you but does no damage. You block the orc's attack.
Something hits you but does no damage.
Unknown command.
You closely miss the orc.
The orc is almost dead.
The orc hits you with a +0 dagger.
* * * LOW HITPOINT WARNING * * *
You hear some strange, mumbled words.
You are confused.
Unknown command.
Unknown command.
You swing at nothing.
The orc hits you but does no damage. Something hits you but does no damage.
The orc hits you with a +0 dagger.
* * * LOW HITPOINT WARNING * * *
Something hits you.
* * * LOW HITPOINT WARNING * * *
Unknown command.
You sock the orc!
You kill the orc!
You hear some strange, mumbled words.
A magic dart appears from out of thin air!
The magic dart hits you!
You die...

......#
#.....#
#.....#
#.....# #
#.....# .+
+...<.# ..#
#.....#...#
#.{.).)...#
#..♣).#####
#######


There were no monsters in sight!

Vanquished Creatures
  Pikel (D:4)
  Sigmund (D:3)
  Menkaure (D:5)
  2 orc warriors
  3 lemures (D:4)
  A scorpion (D:5)
  2 jellies (D:5)
  A hound (D:5)
  4 orc priests
  Crazy Yiuf (D:3)
  Natasha (twice) (D:3)
  3 orc wizards
  3 adders
  2 dart slugs (D:1)
  3 ribbon worms
  13 orcs
  5 ball pythons
  8 endoplasms
  7 giant cockroaches
  7 goblins
  4 hobgoblins
  4 jackals
  3 quokkas
  6 bats
  2 frilled lizards
  5 kobolds
  5 rats
99 creatures vanquished.

Vanquished Creatures (collateral kills)
  A phantom (D:5)
  A hound (D:5)
  A white imp (D:5)
3 creatures vanquished.

Vanquished Creatures (others)
  An ancestor (D:6)
1 creature vanquished.

Grand Total: 103 creatures vanquished

Notes
Turn   | Place    | Note
-------+----------+-------------------------------------------
     0 | D:1      | Doomgape the Gargoyle Fighter began the quest for the Orb.
     0 | D:1      | Reached XP level 1. HP: 14/14 MP: 1/1
   109 | D:1      | Reached XP level 2. HP: 16/19 MP: 2/2
   291 | D:1      | Reached XP level 3. HP: 20/23 MP: 3/3
   884 | D:2      | Identified the +0 pair of boots of Eternal Night {Str+3}
   962 | D:2      | Identified the +0 ring mail of the Known World {rC+ Will+
                  | Str+3}
  1507 | D:2      | Reached XP level 4. HP: 26/29 MP: 4/4
  1567 | D:3      | Found a faded altar of an unknown god.
  1595 | D:3      | Noticed Sigmund
  1629 | D:3      | Killed Sigmund
  1630 | D:3      | Reached XP level 5. HP: 25/34 MP: 5/5
  1630 | D:3      | Reached XP level 6. HP: 28/39 MP: 6/6
  1794 | D:3      | Noticed Natasha
  1809 | D:3      | Killed Natasha
  1985 | D:3      | Found Regops's Jewellery Shop.
  2164 | D:3      | Found a runed translucent door.
  2165 | D:3      | Noticed Crazy Yiuf
  2188 | D:3      | Killed Crazy Yiuf
  2447 | D:3      | Noticed Natasha
  2455 | D:3      | Killed Natasha
  2935 | D:4      | Noticed Pikel
  2960 | D:4      | Killed Pikel
  2961 | D:4      | Reached skill level 5 in Fighting
  2961 | D:4      | Reached skill level 5 in Armour
  2961 | D:4      | Reached skill level 5 in Shields
  2961 | D:4      | Reached XP level 7. HP: 11/45 MP: 7/7
  3127 | D:4      | Reached XP level 8. HP: 10/51 MP: 8/8
  3360 | D:4      | Found a hazy altar of Hepliaklqana.
  3370 | D:4      | Found a burning altar of Makhleb.
  3379 | D:4      | Became a worshipper of Hepliaklqana the Forgotten
  4091 | D:5      | Entered Level 5 of the Dungeon
  4234 | D:5      | Found Qybad's Assorted Antiques.
  4319 | D:5      | Reached skill level 5 in Maces & Flails
  4491 | D:5      | Reached * piety under Hepliaklqana
  4607 | D:5      | Noticed Menkaure
  4618 | D:5      | Killed Menkaure
  4978 | D:6      | Killed from afar by an orc wizard

Illustrated notes

Levels and vault maps discovered:
D:1:      eino_arrival_cavern_a, layout_basic
D:2:      layout_basic
D:3:      layout_basic, hellmonk_ecumenical_altar_heavens_door, serial_shops,
          nicolae_shop_getting_attention, grunt_decor_mini_mirrors,
          kennysheep_decorative_pillar, kennysheep_generic_room_4, uniq_sigmund,
          uniq_natasha, uniq_crazy_yiuf_cottage
D:4:      layout_basic, grunt_temple_overflow_open, dk_noncrumbling_4,
          uniq_pikel
D:5:      layout_basic, serial_shops, nicolae_shop_pleasant_corner_grove,
          uniq_menkaure
D:6:      layout_gridville

Skill      XL: |  1  2  3  4  5  6  7  8 |
---------------+-------------------------+-----
Fighting       | 4 5 6 |  6.7
Maces & Flails | 3 4 5 |  5.7
Armour         | 4 5 6 |  6.7
Shields        | 4 5 6 |  6.8

Action                     |  1- 3 |  4- 6 |  7- 9 || total
---------------------------+-------+-------+-------++-------
  Melee: Flail             |   116 |   246 |   147 ||   509
 Invoke: Ancestor Identity |       |       |     1 ||     1
    Use: Scroll            |     2 |       |       ||     2
         Potion            |       |     4 |     3 ||     7
 Armour: Scale mail        |    85 |   197 |    14 ||   296
         Chain mail        |       |       |    71 ||    71
         Skin              |       |       |    28 ||    28
  Dodge: Dodged            |    38 |    56 |    19 ||   113
  Block: Tower shield      |    73 |   144 |   121 ||   338
         Buckler           |     5 |       |       ||     5
